[ AOE2 MATCH · #475888147 ]
1v1 RMPersians vs Persians
Player's team · LOSS
Rival team · WIN
[ REPLAY ANALYSIS · EXTRACTED FROM THE RECORDED GAME ]
Feudal
12:07
Castle
26:16
Imperial
42:22
| APM avg | 5.8 |
| APM peak | 21 |
| eAPM avg | 4.5 |
| Villagers / military | 53 / 65 |
Focus
⚔️ 35.5% · 🌾 64.5%
Spearman ×22 · Knight ×20 · Skirmisher ×13 · War Elephant ×8 · Trebuchet (Packed) ×2
Feudal
8:27
Castle
22:25
Imperial
34:51
| APM avg | 9.5 |
| APM peak | 57 |
| eAPM avg | 8.6 |
| Villagers / military | 96 / 151 |
Focus
⚔️ 45.2% · 🌾 54.8%
Archer ×77 · Knight ×49 · Trebuchet (Packed) ×17 · War Elephant ×6 · Monk ×2
Match map
Resources at game start + every placement click. Thick line = wall · dashed box = detected house wall. 🟡 gold · ⚪ stone · 🟢 berries · 🔶 boar · ⭕ relic
Inputs per minute
— Rayo - - Saveiro 92'
Build order — Rayo
First 150 of 185 actions detected
| 0:29 | Build | House |
| 0:32 | Build | House |
| 0:34 | Build | House |
| 0:37 | Build | House |
| 0:47 | Create | Villager (Male) |
| 0:47 | Create | Villager (Male) |
| 0:47 | Create | Villager (Male) |
| 0:48 | Create | Villager (Male) |
| 0:48 | Create | Villager (Male) |
| 0:48 | Create | Villager (Male) |
| 3:18 | Build | Mill |
| 4:06 | Create | Villager (Male) |
| 4:07 | Create | Villager (Male) |
| 4:07 | Create | Villager (Male) |
| 5:36 | Create | Villager (Male) |
| 5:36 | Create | Villager (Male) |
| 5:37 | Create | Villager (Male) |
| 5:37 | Create | Villager (Male) |
| 5:37 | Create | Villager (Male) |
| 5:37 | Create | Villager (Male) |
| 6:32 | Create | Villager (Male) |
| 6:32 | Create | Villager (Male) |
| 6:32 | Create | Villager (Male) |
| 6:32 | Create | Villager (Male) |
| 6:33 | Create | Villager (Male) |
| 6:34 | Create | Villager (Male) |
| 9:25 | Build | Lumber Camp |
| 10:03 | Research | Feudal Age |
| 12:07 | Age | Feudal Age |
| 12:19 | Research | Wheelbarrow |
| 12:22 | Research | Horse Collar |
| 12:25 | Research | Double-Bit Axe |
| 13:34 | Create | Villager (Male) |
| 13:34 | Create | Villager (Male) |
| 13:34 | Create | Villager (Male) |
| 13:35 | Create | Villager (Male) |
| 13:35 | Create | Villager (Male) |
| 13:35 | Create | Villager (Male) |
| 13:56 | Build | Stone Wall |
| 14:33 | Build | Mining Camp |
| 14:42 | Create | Villager (Male) |
| 14:43 | Create | Villager (Male) |
| 14:43 | Create | Villager (Male) |
| 14:43 | Create | Villager (Male) |
| 14:44 | Create | Villager (Male) |
| 14:44 | Create | Villager (Male) |
| 14:54 | Build | House |
| 15:58 | Build | House |
| 16:00 | Build | House |
| 16:02 | Build | House |
| 16:20 | Build | Farm |
| 16:21 | Build | Farm |
| 16:21 | Build | Farm |
| 16:22 | Build | Farm |
| 16:22 | Build | Farm |
| 16:22 | Build | Farm |
| 16:23 | Build | Farm |
| 16:23 | Build | Farm |
| 16:24 | Build | Farm |
| 16:25 | Build | Farm |
| 16:28 | Build | Farm |
| 16:30 | Build | Farm |
| 21:47 | Build | Barracks |
| 22:00 | Build | Mining Camp |
| 22:49 | Build | Archery Range |
| 22:59 | Build | Stable |
| 23:50 | Research | Castle Age |
| 24:07 | Build | Market |
| 24:24 | Research | Gold Mining |
| 24:25 | Research | Stone Mining |
| 24:50 | Create | Villager (Male) |
| 24:50 | Create | Villager (Male) |
| 24:51 | Create | Villager (Male) |
| 24:51 | Create | Villager (Male) |
| 26:16 | Age | Castle Age |
| 27:07 | Build | Mill |
| 27:12 | Build | Farm |
| 29:05 | Build | Farm |
| 29:08 | Build | Farm |
| 32:01 | Build | Castle |
| 33:32 | Create | Knight |
| 33:32 | Create | Knight |
| 33:33 | Create | Knight |
| 33:33 | Create | Knight |
| 33:33 | Create | Knight |
| 33:39 | Create | Spearman |
| 33:39 | Create | Spearman |
| 33:39 | Create | Spearman |
| 33:39 | Create | Spearman |
| 33:40 | Create | Spearman |
| 33:40 | Create | Spearman |
| 35:03 | Create | Villager (Male) |
| 35:04 | Create | Villager (Male) |
| 37:03 | Create | Skirmisher |
| 37:04 | Create | Skirmisher |
| 37:04 | Create | Skirmisher |
| 37:04 | Create | Skirmisher |
| 37:04 | Create | Skirmisher |
| 37:05 | Create | Skirmisher |
| 37:05 | Create | Skirmisher |
| 37:05 | Create | Skirmisher |
| 37:05 | Create | Skirmisher |
| 37:06 | Create | Skirmisher |
| 37:06 | Create | Skirmisher |
| 37:06 | Create | Skirmisher |
| 37:06 | Create | Skirmisher |
| 39:37 | Research | Imperial Age |
| 42:22 | Age | Imperial Age |
| 42:59 | Research | Gold Shaft Mining |
| 42:59 | Research | Stone Shaft Mining |
| 43:05 | Create | War Elephant |
| 43:06 | Research | Elite War Elephant (upgrade) |
| 43:12 | Research | Cavalier (upgrade) |
| 43:15 | Research | Pikeman (upgrade) |
| 43:16 | Research | Squires |
| 43:30 | Build | University |
| 44:00 | Research | Hand Cart |
| 44:03 | Research | Heavy Plow |
| 44:12 | Create | Villager (Male) |
| 44:12 | Create | Villager (Male) |
| 44:12 | Create | Villager (Male) |
| 44:13 | Create | Villager (Male) |
| 44:13 | Create | Villager (Male) |
| 44:13 | Create | Villager (Male) |
| 44:23 | Build | Lumber Camp |
| 45:50 | Create | Knight |
| 45:51 | Create | Knight |
| 45:51 | Create | Knight |
| 45:51 | Create | Knight |
| 45:51 | Create | Knight |
| 45:52 | Create | Knight |
| 45:56 | Create | Spearman |
| 45:57 | Create | Spearman |
| 45:57 | Create | Spearman |
| 45:57 | Create | Spearman |
| 45:58 | Create | Spearman |
| 45:58 | Create | Spearman |
| 45:58 | Create | Spearman |
| 45:58 | Create | Spearman |
| 45:59 | Create | Spearman |
| 45:59 | Create | Spearman |
| 45:59 | Create | Spearman |
| 45:59 | Create | Spearman |
| 46:00 | Create | Spearman |
| 46:00 | Create | Spearman |
| 46:00 | Create | Spearman |
| 46:00 | Create | Spearman |
| 46:22 | Build | House |
| 46:24 | Build | House |
| 46:26 | Build | House |
Build order — Saveiro 92'
First 150 of 373 actions detected
| 0:07 | Build | House |
| 0:07 | Build | House |
| 0:09 | Build | House |
| 0:12 | Create | Villager (Male) |
| 0:12 | Create | Villager (Male) |
| 0:12 | Create | Villager (Male) |
| 0:12 | Create | Villager (Male) |
| 0:13 | Create | Villager (Male) |
| 0:13 | Create | Villager (Male) |
| 1:31 | Create | Villager (Male) |
| 2:09 | Create | Villager (Male) |
| 2:49 | Create | Villager (Male) |
| 2:50 | Create | Villager (Male) |
| 3:10 | Create | Villager (Male) |
| 4:06 | Build | Lumber Camp |
| 4:44 | Build | Mill |
| 6:23 | Research | Feudal Age |
| 7:05 | Create | Villager (Male) |
| 7:06 | Create | Villager (Male) |
| 7:33 | Create | Villager (Male) |
| 7:33 | Create | Villager (Male) |
| 8:11 | Create | Villager (Male) |
| 8:12 | Create | Villager (Male) |
| 8:27 | Age | Feudal Age |
| 8:34 | Research | Horse Collar |
| 9:29 | Build | House |
| 9:31 | Build | House |
| 9:32 | Build | House |
| 10:30 | Build | House |
| 10:38 | Research | Double-Bit Axe |
| 10:53 | Create | Villager (Male) |
| 10:53 | Create | Villager (Male) |
| 10:54 | Create | Villager (Male) |
| 10:54 | Create | Villager (Male) |
| 12:38 | Create | Villager (Male) |
| 12:39 | Create | Villager (Male) |
| 12:42 | Create | Villager (Male) |
| 12:43 | Create | Villager (Male) |
| 12:43 | Create | Villager (Male) |
| 12:44 | Create | Villager (Male) |
| 13:59 | Build | Farm |
| 13:59 | Build | Farm |
| 14:00 | Build | Farm |
| 14:01 | Build | Farm |
| 14:01 | Build | Farm |
| 14:03 | Build | Farm |
| 14:03 | Build | Farm |
| 14:04 | Build | Farm |
| 14:05 | Build | Farm |
| 14:16 | Build | Mining Camp |
| 14:41 | Build | Farm |
| 15:01 | Build | House |
| 15:03 | Build | House |
| 15:05 | Build | House |
| 15:06 | Build | House |
| 15:08 | Build | House |
| 15:09 | Build | House |
| 15:17 | Research | Wheelbarrow |
| 15:58 | Research | Gold Mining |
| 16:56 | Create | Villager (Male) |
| 17:17 | Build | Lumber Camp |
| 17:28 | Build | Market |
| 18:51 | Build | Mining Camp |
| 19:11 | Build | Blacksmith |
| 19:37 | Create | Villager (Male) |
| 19:37 | Create | Villager (Male) |
| 19:37 | Create | Villager (Male) |
| 19:38 | Create | Villager (Male) |
| 19:38 | Create | Villager (Male) |
| 19:40 | Create | Villager (Male) |
| 19:55 | Research | Castle Age |
| 20:02 | Build | Farm |
| 20:11 | Research | Stone Mining |
| 21:29 | Build | Barracks |
| 22:25 | Age | Castle Age |
| 22:30 | Build | Town Center |
| 22:59 | Build | Town Center |
| 23:09 | Research | Heavy Plow |
| 23:14 | Research | Bow Saw |
| 23:18 | Create | Villager (Male) |
| 23:18 | Create | Villager (Male) |
| 23:19 | Create | Villager (Male) |
| 23:19 | Create | Villager (Male) |
| 23:19 | Create | Villager (Male) |
| 23:20 | Create | Villager (Male) |
| 23:20 | Create | Villager (Male) |
| 23:20 | Create | Villager (Male) |
| 23:21 | Create | Villager (Male) |
| 23:21 | Create | Villager (Male) |
| 23:22 | Create | Villager (Male) |
| 23:22 | Create | Villager (Male) |
| 23:23 | Create | Villager (Male) |
| 23:31 | Create | Villager (Male) |
| 23:32 | Create | Villager (Male) |
| 23:32 | Create | Villager (Male) |
| 23:38 | Create | Villager (Male) |
| 23:44 | Build | Farm |
| 23:59 | Create | Villager (Male) |
| 24:00 | Create | Villager (Male) |
| 24:05 | Build | Farm |
| 24:15 | Create | Villager (Male) |
| 24:27 | Build | Farm |
| 24:51 | Build | Farm |
| 25:11 | Build | Farm |
| 25:33 | Build | Farm |
| 25:55 | Build | Farm |
| 26:06 | Research | Hand Cart |
| 26:13 | Create | Villager (Male) |
| 26:13 | Create | Villager (Male) |
| 26:14 | Create | Villager (Male) |
| 26:14 | Create | Villager (Male) |
| 26:19 | Build | Farm |
| 26:33 | Create | Villager (Male) |
| 26:33 | Create | Villager (Male) |
| 26:34 | Create | Villager (Male) |
| 26:35 | Create | Villager (Male) |
| 26:45 | Build | Stable |
| 26:47 | Build | Stable |
| 26:51 | Build | Farm |
| 27:01 | Build | Farm |
| 27:27 | Build | Farm |
| 27:43 | Build | Farm |
| 28:23 | Build | Mining Camp |
| 28:47 | Build | Farm |
| 28:51 | Research | Town Watch |
| 28:52 | Research | Loom |
| 29:13 | Research | Stone Shaft Mining |
| 29:15 | Research | Gold Shaft Mining |
| 29:40 | Build | Castle |
| 29:56 | Research | Pikeman (upgrade) |
| 29:56 | Research | Squires |
| 30:05 | Create | Villager (Male) |
| 30:05 | Create | Villager (Male) |
| 30:05 | Create | Villager (Male) |
| 30:05 | Create | Villager (Male) |
| 30:06 | Create | Villager (Male) |
| 30:06 | Create | Villager (Male) |
| 30:06 | Create | Villager (Male) |
| 30:06 | Create | Villager (Male) |
| 30:07 | Create | Villager (Male) |
| 30:07 | Create | Villager (Male) |
| 30:38 | Build | House |
| 30:39 | Build | House |
| 30:42 | Build | House |
| 30:42 | Build | House |
| 30:44 | Build | House |
| 30:47 | Build | House |
| 30:48 | Build | House |
| 30:49 | Build | House |
| 30:50 | Build | House |
Match timeline
| 8:27 | Saveiro 92' · age_up feudal |
| 12:07 | Rayo · age_up feudal |
| 13:56 | Rayo · wall_segment Stone Wall x23 |
| 21:29 | Saveiro 92' · first_building Barracks |
| 21:47 | Rayo · first_building Barracks |
| 22:25 | Saveiro 92' · age_up castle |
| 22:49 | Rayo · first_building Archery Range |
| 22:59 | Rayo · first_building Stable |
| 26:16 | Rayo · age_up castle |
| 26:45 | Saveiro 92' · first_building Stable |
| 29:27 | Saveiro 92' · first_market_buy 100 stone |
| 29:40 | Saveiro 92' · first_building Castle |
| 32:01 | Rayo · first_building Castle |
| 32:33 | Saveiro 92' · first_market_sell 100 wood |
| 34:51 | Saveiro 92' · age_up imperial |
| 35:27 | Saveiro 92' · first_building Monastery |
| 36:16 | Saveiro 92' · first_building Archery Range |
| 42:22 | Rayo · age_up imperial |
| 46:47 | Rayo · first_market_sell 100 wood |
| 46:50 | Rayo · first_market_buy 100 stone |
| 51:03 | Rayo · wall_segment Stone Wall x23 |
| 58:07 | Rayo · resign |
[ AI ANALYSIS · 1 CREDIT ]
What really happened in this match?
Wolo.gg analyzes every decision: build order, eco, micro, common mistakes by bracket. Personalized analysis on WhatsApp or Discord in 30 seconds.
Civ guide
Persians
Map guide
Hideout
Perfil
Rayo